 Dungeon Crawl Stone Soup version 0.21.1-1-g345015f (console) character file.

2789 fly the Thaumaturge (level 9, -2/66 HPs)
             Began as a Gnoll Wizard on May 1, 2018.
             Killed from afar by an electric eel (5 damage)
             ... with a bolt of electricity
             ... on level 8 of the Dungeon.
             The game lasted 00:17:53 (7380 turns).

fly the Thaumaturge (Gnoll Wizard)                  Turns: 7380, Time: 00:17:54

Health: -2/66      AC: 15    Str: 13    XL:     9   Next: 71%
Magic:  21/21      EV: 12    Int: 20    God:
Gold:   568        SH:  0    Dex: 17    Spells: 16/25 levels left

rFire    . . .     SeeInvis .   a - +2 mace (venom)
rCold    . . .     Gourm    .   (no shield)
rNeg     . . .     Faith    .   y - +4 ring mail
rPois    .         Spirit   .   e - +0 helmet
rElec    .         Reflect  .   (no cloak)
rCorr    .         Harm     .   r - +1 pair of gloves
MR       .....                  (no boots)
Stlth    ++........             B - amulet of regeneration
HPRegen  0.61/turn              l - +3 ring of dexterity
MPRegen  0.17/turn              q - +3 ring of protection

@: heavily drained
A: distributed training, fangs 1, strong nose
a: no special abilities


You were on level 8 of the Dungeon.
You were not hungry.

You visited 1 branch of the dungeon, and saw 8 of its levels.

You collected 568 gold pieces.

Inventory:

Hand Weapons
 a - a +2 mace of venom (weapon)
 b - a +2 dagger of electrocution
Armour
 e - a +0 helmet (worn)
 r - a +1 pair of gloves (worn)
 y - a +4 ring mail (worn)
 E - the +1 robe "Roed" {rPois Int+3 Dex-5}
   (You found it on level 6 of the Dungeon)

   It affects your intelligence (+3).
   It affects your dexterity (-5).
   It protects you from poison.
Jewellery
 l - a +3 ring of dexterity (left hand)
 p - a +3 ring of intelligence
 q - a +3 ring of protection (right hand)
 s - an uncursed ring of flight
 B - an amulet of regeneration (around neck)
Wands
 o - a wand of enslavement (12)
 C - a wand of random effects (20)
 F - a wand of flame (30)
Scrolls
 g - 3 scrolls of blinking
 h - 2 scrolls of fog {unknown}
 i - a scroll of enchant armour {unknown}
 j - 2 scrolls of magic mapping {unknown}
 k - 2 scrolls of teleportation {unknown}
 t - 5 scrolls of amnesia
 w - 2 scrolls of remove curse
 A - 2 scrolls of fear {unknown}
 G - a scroll of noise {unknown}
 H - a scroll of immolation {unknown}
 I - 4 scrolls of identify
Potions
 f - 3 potions of agility
 m - 4 potions of curing
 n - a potion of flight {unknown}
 u - 2 potions of heal wounds {unknown}
 v - a potion of might {unknown}
 x - 2 potions of ambrosia
 z - a potion of brilliance {unknown}
 D - 4 potions of lignification
 K - 2 potions of haste
 L - a potion of invisibility {unknown}
Books
 c - a book of Minor Magic

   Spells                             Type                      Level
   a - Magic Dart                     Conjuration                  1
   b - Blink                          Translocation                2
   c - Call Imp                       Summoning                    2
   d - Slow                           Hexes                        2
   e - Conjure Flame                  Conjuration/Fire             3
   f - Mephitic Cloud                 Conjuration/Poison/Air       3
 J - a book of Callings

   Spells                             Type                      Level
   a - Summon Small Mammal            Summoning                    1
   b - Call Imp                       Summoning                    2
   c - Call Canine Familiar           Summoning                    3
   d - Summon Guardian Golem          Hexes/Summoning              3
   e - Summon Lightning Spire         Summoning/Air                4
   f - Summon Ice Beast               Ice/Summoning                4
Comestibles
 d - 12 rations


   Skills:
 + Level 4.4(2.0) Fighting
 + Level 4.4(2.0) Short Blades
 + Level 4.4(2.0) Long Blades
 + Level 4.4(2.0) Axes
 + Level 4.4(2.0) Maces & Flails
 + Level 4.4(2.0) Polearms
 + Level 4.4(2.0) Staves
 + Level 4.4(2.0) Slings
 + Level 4.4(2.0) Bows
 + Level 4.4(2.0) Crossbows
 + Level 4.4(2.0) Throwing
 + Level 4.4(2.0) Armour
 + Level 6.4(3.9) Dodging
 + Level 6.1(3.6) Stealth
 + Level 4.4(2.0) Shields
 + Level 4.4(2.0) Unarmed Combat
 + Level 8.5(5.8) Spellcasting
 + Level 4.3(1.9) Conjurations
 + Level 3.6(1.3) Hexes
 + Level 3.6(1.3) Charms
 + Level 4.3(1.9) Summonings
 + Level 3.6(1.3) Necromancy
 + Level 4.3(1.9) Translocations
 + Level 3.6(1.3) Transmutations
 + Level 3.6(1.3) Fire Magic
 + Level 3.6(1.3) Ice Magic
 + Level 3.6(1.3) Air Magic
 + Level 3.6(1.3) Earth Magic
 + Level 3.6(1.3) Poison Magic
 + Level 4.9(2.4) Invocations
 + Level 4.4(2.0) Evocations


You had 16 spell levels left.
You knew the following spells:

 Your Spells              Type           Power        Failure   Level  Hunger
b - Blink                 Tloc           N/A          16%         2    None
c - Conjure Flame         Conj/Fire      ##......     34%         3    ##.....
f - Mephitic Cloud        Conj/Pois/Air  ##......     36%         3    ##.....
z - Magic Dart            Conj           ##..         11%         1    None


Dungeon Overview and Level Annotations

Branches:
Dungeon (8/15)             Temple (0/1) D:6            Lair (0/6) D:8

Altars:
Ashenzari
Nemelex Xobeh
Ru
Sif Muna
Trog
Uskayaw
Yredelemnul
Zin


Innate Abilities, Weirdness & Mutations

Your experience applies equally to all skills.
You have very sharp teeth.
Your uncanny sense of smell can sniff out nearby items.


Message History

The electric eel shoots out a bolt of lightning at you!
The bolt of electricity hits you!
The electric eel shoots out a bolt of lightning at you!
The bolt of electricity hits you!
The electric eel shoots out a bolt of lightning at you!
The bolt of electricity hits you!
You miss the electric eel.
The electric eel shoots out a bolt of lightning at you!
The bolt of electricity hits you!
The electric eel shoots out a bolt of lightning at you!
The bolt of electricity misses you.
The electric eel shoots out a bolt of lightning at you!
The bolt of electricity hits you!
* * * LOW HITPOINT WARNING * * *
The electric eel shoots out a bolt of lightning at you!
The bolt of electricity hits you!
* * * LOW HITPOINT WARNING * * *
The electric eel shoots out a bolt of lightning at you!
The bolt of electricity hits you!
You die...

....≈≈≈≈..>....................#
..≈.≈≈≈≈≈....≈.≈≈≈≈≈≈.....#.####
....≈≈≈≈.;..≈..≈≈≈≈≈≈..#.##.#
#....≈≈≈≈≈≈≈≈≈≈≈≈≈≈≈...#.##.#
#..≈≈≈≈.≈≈≈≈≈≈≈;.≈≈......##.#
#..≈≈..≈≈≈≈≈≈≈≈;..≈.≈....##.#
#.≈..;.≈≈≈≈≈≈≈..≈.≈......##.#####
#.....≈≈≈≈≈≈≈....................
#######.#.......@.....#.###.#####
..# #.#...............# #.# ###
#.####............# #.#
.######.........#.......###.#
..................>.....#...#
.........###..#.#.......#.#.#####
..#.##..## #.....................
..#.##..# #.##.#######.....#####
..#.##..####.##.### #.._..#


You could see 3 electric eels.

Vanquished Creatures
  Prince Ribbit (D:6)
  Sigmund (D:6)
  A wolf (D:8)
  3 ice beasts
  A necrophage (D:7)
  A sky beast (D:5)
  3 centaurs
  An ogre (D:7)
  A bullfrog (D:6)
  Blork the orc (D:6)
  The ghost of fly the Conjurer, an amateur FeCj (D:4)
  5 wights (D:8)
  A crimson imp (D:5)
  A bullfrog zombie (D:7)
  8 hounds
  A bullfrog skeleton (D:6)
  2 orc priests (D:5)
  2 centaur skeletons
  3 iguanas
  6 orc wizards
  Terence (D:3)
  6 worker ants
  7 gnolls
  A howler monkey zombie (D:7)
  13 adders
  An adder skeleton (D:8)
  3 worms
  3 dart slugs
  5 leopard geckos
  18 orcs
  3 giant cockroaches
  4 hobgoblins
  8 jackals (D:6)
  A quokka (D:3)
  A ball python (D:1)
  4 bats
  5 frilled lizards
  10 goblins
  4 kobolds
  A leopard gecko zombie (D:5)
  2 quokka skeletons
  A quokka zombie (D:6)
  10 rats
156 creatures vanquished.

Vanquished Creatures (collateral kills)
  An orc priest (D:4)
1 creature vanquished.

Vanquished Creatures (others)
  2 wolves (D:8)
  An orc (D:4)
3 creatures vanquished.

Grand Total: 160 creatures vanquished

Notes
Turn   | Place    | Note
-------+----------+-------------------------------------------
     0 | D:1      | fly the Gnoll Wizard began the quest for the Orb.
     0 | D:1      | Reached XP level 1. HP: 13/13 MP: 8/8
   289 | D:1      | Reached XP level 2. HP: 19/19 MP: 5/10
   989 | D:2      | Reached XP level 3. HP: 25/25 MP: 6/11
  1102 | D:2      | Found a shattered altar of Ashenzari.
  1221 | D:2      | Reached skill level 1 in Invocations
  1272 | D:2      | Reached skill level 1 in Fighting
  1272 | D:2      | Reached skill level 1 in Short Blades
  1272 | D:2      | Reached skill level 1 in Long Blades
  1272 | D:2      | Reached skill level 1 in Axes
  1272 | D:2      | Reached skill level 1 in Maces & Flails
  1272 | D:2      | Reached skill level 1 in Polearms
  1272 | D:2      | Reached skill level 1 in Staves
  1272 | D:2      | Reached skill level 1 in Slings
  1272 | D:2      | Reached skill level 1 in Bows
  1272 | D:2      | Reached skill level 1 in Crossbows
  1272 | D:2      | Reached skill level 1 in Throwing
  1272 | D:2      | Reached skill level 1 in Armour
  1272 | D:2      | Reached skill level 1 in Shields
  1272 | D:2      | Reached skill level 1 in Unarmed Combat
  1272 | D:2      | Reached skill level 1 in Evocations
  1272 | D:2      | Reached XP level 4. HP: 32/32 MP: 13/13
  1407 | D:2      | Found a glowing silver altar of Zin.
  1471 | D:2      | Learned a level 3 spell: Mephitic Cloud
  1475 | D:2      | Learned a level 3 spell: Conjure Flame
  1478 | D:2      | Learned a level 2 spell: Blink
  1661 | D:2      | Found a runed door.
  1661 | D:2      | Noticed a human
  1668 | D:2      | Found a basalt altar of Yredelemnul.
  1968 | D:3      | Noticed Terence
  1971 | D:3      | Killed Terence
  1971 | D:3      | Reached skill level 1 in Hexes
  1971 | D:3      | Reached skill level 1 in Charms
  1971 | D:3      | Reached skill level 1 in Necromancy
  1971 | D:3      | Reached skill level 1 in Transmutations
  1971 | D:3      | Reached skill level 1 in Fire Magic
  1971 | D:3      | Reached skill level 1 in Ice Magic
  1971 | D:3      | Reached skill level 1 in Air Magic
  1971 | D:3      | Reached skill level 1 in Earth Magic
  1971 | D:3      | Reached skill level 1 in Poison Magic
  1993 | D:3      | Reached XP level 5. HP: 18/37 MP: 4/14
  2150 | D:3      | Found a deep blue altar of Sif Muna.
  2625 | D:4      | Reached XP level 6. HP: 37/44 MP: 13/16
  2634 | D:4      | Found a sparkling altar of Nemelex Xobeh.
  2634 | D:4      | Found a hide-covered altar of Uskayaw.
  2942 | D:4      | Noticed fly's ghost (amateur FeCj)
  3114 | D:4      | Killed fly's ghost
  3114 | D:4      | Reached skill level 5 in Dodging
  3673 | D:5      | Entered Level 5 of the Dungeon
  3758 | D:5      | Reached XP level 7. HP: 50/50 MP: 14/18
  4124 | D:5      | Reached skill level 5 in Stealth
  4860 | D:6      | Reached XP level 8. HP: 52/57 MP: 17/19
  4977 | D:6      | Noticed Sigmund
  4986 | D:6      | Killed Sigmund
  5178 | D:6      | Found a staircase to the Ecumenical Temple.
  5396 | D:6      | Noticed Blork the orc
  5406 | D:6      | Reached skill level 8 in Spellcasting
  5408 | D:6      | Noticed Prince Ribbit
  5417 | D:6      | Killed Prince Ribbit
  5671 | D:6      | Found Onwy's Antique Weapon Shop.
  5708 | D:6      | Reached XP level 9. HP: 51/65 MP: 21/21
  5749 | D:6      | Killed Blork the orc
  5939 | D:6      | Got a shadowed robe
  5951 | D:6      | Identified the +1 robe "Roed" {rPois Int+3 Dex-5} (You found it on level 6 of the Dungeon)
  6500 | D:7      | Found a sacrificial altar of Ru.
  7082 | D:8      | Found a staircase to the Lair.
  7089 | D:8      | Noticed a troll
  7228 | D:8      | Found a bloodstained altar of Trog.
  7379 | D:8      | HP: 3/66 [electric eel/bolt of electricity (12)]
  7380 | D:8      | Killed from afar by an electric eel

Skill      XL: |  1  2  3  4  5  6  7  8  9 |
---------------+----------------------------+-----
Conjurations   | 2 3 4 |  4.3
Summonings     | 2 3 4 |  4.3
Translocations | 2 3 4 |  4.3
Invocations    | 1 2 3 4 |  4.9
Fighting       | 1 2 3 4 |  4.4
Short Blades   | 1 2 3 4 |  4.4
Long Blades    | 1 2 3 4 |  4.4
Axes           | 1 2 3 4 |  4.4
Maces & Flails | 1 2 3 4 |  4.4
Polearms       | 1 2 3 4 |  4.4
Staves         | 1 2 3 4 |  4.4
Slings         | 1 2 3 4 |  4.4
Bows           | 1 2 3 4 |  4.4
Crossbows      | 1 2 3 4 |  4.4
Throwing       | 1 2 3 4 |  4.4
Armour         | 1 2 3 4 |  4.4
Shields        | 1 2 3 4 |  4.4
Unarmed Combat | 1 2 3 4 |  4.4
Evocations     | 1 2 3 4 |  4.4
Hexes          | 1 2 3 |  3.6
Charms         | 1 2 3 |  3.6
Necromancy     | 1 2 3 |  3.6
Transmutations | 1 2 3 |  3.6
Fire Magic     | 1 2 3 |  3.6
Ice Magic      | 1 2 3 |  3.6
Air Magic      | 1 2 3 |  3.6
Earth Magic    | 1 2 3 |  3.6
Poison Magic   | 1 2 3 |  3.6
Dodging        | 5 6 |  6.4
Stealth        | 5 6 |  6.1
Spellcasting   | 8 |  8.5

Action                   |  1- 3 |  4- 6 |  7- 9 || total
-------------------------+-------+-------+-------++-------
Melee: Dagger            |    20 |    12 |     8 ||    40
       Bite              |     1 |     9 |    64 ||    74
       Mace              |       |    29 |   280 ||   309
       Unarmed           |       |    39 |       ||    39
       Punch             |       |       |     4 ||     4
       Hand axe          |       |       |   135 ||   135
 Cast: Magic Dart        |    40 |    59 |    99 ||   198
       Mephitic Cloud    |       |     5 |     3 ||     8
       Blink             |       |     1 |       ||     1
Evoke: Wand              |       |       |     9 ||     9
  Use: Scroll            |       |       |    10 ||    10
 Stab: Sleeping          |     4 |     9 |     7 ||    20
       Confused          |       |     7 |     1 ||     8
       Distracted        |       |     1 |     1 ||     2
  Eat: Chunk             |     1 |     8 |    12 ||    21
Armor: Robe              |     3 |    18 |    57 ||    78
       Ring mail         |       |       |   113 ||   113
Dodge: Dodged            |    14 |    92 |   344 ||   450
